 Dungeon Crawl Stone Soup version 0.17-a0-1446-gc28613e (console) character file.

119 Monkaria the Chopper (level 5, -11/48 HPs)
             Began as a Hill Orc Chaos Knight on June 28, 2015.
             Mangled by Monkaria's ghost (18 damage)
             ... on level 3 of the Dungeon.
             The game lasted 00:02:44 (1809 turns).

Monkaria the Chopper (Hill Orc Chaos Knight)        Turns: 1809, Time: 00:02:44

Health: -11/48     AC:  6    Str: 16    XL:     5   Next: 3%
Magic:  0/5        EV: 11    Int: 17    God:    Xom [....*.]
Gold:   58         SH:  0    Dex: 10    Spells: 0 memorised, 4 levels left

rFire  . . .     SeeInvis .     a - +0 hand axe (chaos)
rCold  . . .     Clarity  .     b - +2 leather armour
rNeg   . . .     SustAt   .     (no shield)
rPois  .         Gourm    .     (no helmet)
rElec  .         Spirit   +     p - +0 cloak
rCorr  .         Warding  .     (no gloves)
rMut   .         Stasis   .     (no boots)
MR     .....                    g - amulet of guardian spirit
Stlth  ..........               (no ring)
                                h - ring of wizardry

@: confused, brilliant, lethally poisoned (-11 -> -12), very slightly
contaminated, hasted, drained, very quick, not resistant to hostile
enchantments, extremely unstealthy
A: no striking features
a: Renounce Religion


You were on level 3 of the Dungeon.
You worshipped Xom.
You were a beloved toy of Xom.
You were not hungry.

You visited 1 branch of the dungeon, and saw 3 of its levels.

You collected 58 gold pieces.

Inventory:

Hand weapons
 a - a +0 hand axe of chaos (weapon)
Missiles
 k - 7 poisoned needles
Armour
 b - a +2 leather armour (worn)
 p - a +0 cloak (worn)
Jewellery
 g - an amulet of guardian spirit (around neck)
 h - a ring of wizardry (left hand)
Scrolls
 f - 2 scrolls of enchant armour {unknown}
 i - 2 scrolls of random uselessness {unknown}
 s - a scroll of identify {unknown}
 u - a scroll of blinking {unknown}
Potions
 e - a potion of brilliance
 l - a potion of haste {unknown}
 m - a potion of flight {unknown}
 n - a potion of might {unknown}
 o - a potion of invisibility {unknown}
 r - a potion of resistance {unknown}
Comestibles
 c - 4 bread rations
 j - a beef jerky
 q - 3 fruits
 t - a chunk of flesh


   Skills:
 - Level 5.0(4.7) Fighting
 + Level 6.2(6.0) Axes
 - Level 2.1(1.9) Armour
 - Level 0.7(0.5) Dodging


You had 4 spell levels left.
You didn't know any spells.

Dungeon Overview and Level Annotations

Branches:
Dungeon (3/15)

Altars:

Annotations:
D:3 Monkaria's ghost, average HOCK


Message History

You kill the giant newt!
The giant newt turns into a zombie!
You closely miss the bat. You hit something but do no damage.
You hit the goblin. You burn the goblin.
You kill the goblin!
The bat hits you but does no damage. Something hits you.
* * * LOW HITPOINT WARNING * * *
Are you sure you want to stumble around while confused and next to your giant newt zombie?
Okay, then.
Something hits you but does no damage.
You feel yourself speed up.
You are very lightly contaminated with residual magic.
The bat hits you but does no damage. The orc hits you with a flail.
* * * LOW HITPOINT WARNING * * *
Unknown command.
Unknown command.
Unknown command.
You feel sick. The bat hits you but does no damage. Something hits you!
* * * LOW HITPOINT WARNING * * *
You are electrocuted!
You die...
Xom giggles madly!

#...... (... #......
.... #...... .....
#...... ..... #......
...... #......
......############......
......b.(.†......)).....
......Z@#########.######
...####o# #....# l g.o#
#...(###### #..#
#.......... #.o#
####....###### ....
.............. ##..
...#....###### ...
.^.#....# o .. #..(.#


You could see 3 orcs, a bat and a friendly giant newt zombie.

Vanquished Creatures
  A hound (D:3)
  A gnoll (D:1)
  An adder (D:2)
  4 worms (D:2)
  2 giant geckos
  12 bats
  A giant cockroach (D:3)
  5 hobgoblins
  5 kobolds
  A quokka (D:3)
  4 giant newts
  6 goblins
  3 jackals (D:2)
  9 rats
55 creatures vanquished.

Notes
Turn   | Place    | Note
--------------------------------------------------------------
     0 | D:1      | Monkaria the Hill Orc Chaos Knight began the quest for the Orb.
     0 | D:1      | Reached XP level 1. HP: 19/19 MP: 1/1
   128 | D:1      | XOM: silly message
   220 | D:1      | Reached XP level 2. HP: 25/27 MP: 2/2
   358 | D:1      | XOM: potion effect (agility)
   455 | D:1      | Reached skill level 5 in Fighting
   455 | D:1      | Reached XP level 3. HP: 23/36 MP: 3/3
  1028 | D:2      | XOM: divination: detect creatures
  1166 | D:2      | Reached skill level 5 in Axes
  1190 | D:2      | Reached XP level 4. HP: 42/42 MP: 4/4
  1195 | D:2      | XOM: divination: magic mapping
  1214 | D:2      | XOM: harmless Chrm miscast
  1240 | D:2      | XOM: divination: magic mapping
  1400 | D:2      | XOM: harmless Divn miscast
  1699 | D:3      | Reached skill level 6 in Axes
  1779 | D:3      | Reached XP level 5. HP: 34/48 MP: 5/5
  1783 | D:3      | Noticed Monkaria's ghost (average HOCK)
  1791 | D:3      | XOM: divination: detect creatures
  1809 | D:3      | Mangled by Monkaria's ghost

Vault maps used:
D:1:      saegor_arrival_simple_c
D:2:      first_bread, minmay_misc_feat_room
D:3:      lemuel_coloured_pillars_altar

Action                   |  1- 3 |  4- 6 || total
-------------------------+-------+-------++-------
Melee: Hand axe          |   114 |    75 ||   189
  Use: Potion            |       |     2 ||     2
 Stab: Sleeping          |     1 |       ||     1
  Eat: Chunk             |     1 |     2 ||     3
